 Dungeon Crawl Stone Soup version 0.30.1-11-g7821555f0a (webtiles) character file.

Game seed: 428855359045077881

35 Ijustatesigmund the Conjurer (level 3, 0/23 HPs)
             Began as an Octopode Conjurer on Jan 4, 2024.
             Slain by Natasha (5 damage)
             ... on level 2 of the Dungeon.
             The game lasted 00:01:34 (1203 turns).

Ijustatesigmund the Conjurer (Octopode Conjurer)    Turns: 1203, Time: 00:01:34

Health: 0/23       AC:  1    Str:  6    XL:     3   Next: 33%
Magic:  6/6        EV: 13    Int: 22    God:
Gold:   35         SH:  0    Dex: 10    Spells: 6/7 levels left

rFire   . . .        (no weapon)
rCold   . . .        (no shield)
rNeg    . . .        (helmet restricted)
rPois   .            (no amulet)
rElec   .            (no ring)
rCorr   .            (no ring)
SInv    .            (no ring)
Will    .....        (no ring)
Stlth   +++          (no ring)
HPRegen 0.23/turn    (no ring)
MPRegen 0.10/turn    (no ring)
                     (no ring)

%: no passive effects
@: brilliant, slowed, very slow
A: almost no armour, amphibious, 8 rings, camouflage 1, gelatinous body 1,
(nimble swimmer 1), tentacles
a: no special abilities


You were on level 2 of the Dungeon.
You visited 1 branch of the dungeon, and saw 2 of its levels.

You collected 35 gold pieces.

Inventory:

Scrolls
 b - a scroll of blinking {unknown}
 g - a scroll of identify {unknown}
Potions
 c - a potion of degeneration {unknown}
 d - 2 potions of brilliance
 e - a potion of lignification {unknown}
 f - a potion of might {unknown}


   Skills:
 + Level 1.4 Fighting
 - Level 2.0 Dodging
 - Level 2.6 Stealth
 + Level 2.5 Spellcasting
 + Level 4.4 Conjurations


You had 6 spell levels left.
You knew the following spells:

 Your Spells              Type           Power      Damage    Failure   Level
a - Magic Dart            Conj           100%       1d8       2%          1

Your spell library contained the following spells:

 Spells                   Type           Power      Damage    Failure   Level
 Searing Ray              Conj           66%        2d6       3%          2
 Dazzling Flash           Conj/Hex       36%        N/A       16%         3
 Fulminant Prism          Conj/Hex       9%         3d7       45%         4
 Iskenderun's Mystic Bla  Conj/Tloc      18%        2d6       45%         4


Dungeon Overview and Level Annotations

Branches:
Dungeon (2/15)

Altars:
Xom

Annotations:
D:2 Natasha, Sigmund


Innate Abilities, Weirdness & Mutations

You cannot wear most types of armour.
You are amphibious.
You can wear up to eight rings at the same time.
Your skin changes colour to match your surroundings (Stealth+).
Your rubbery body absorbs attacks. (AC +1, EV +1)
((You are camouflaged when in or above water. (Stealth+)))
You have tentacles for arms and can constrict up to eight enemies at once.


Message History

Magic courses through your body.
Casting: Magic Dart (safe; 2% risk of failure)
Confirm with . or Enter, or press ? or * to list all spells.
You don't know that spell.
Casting: Magic Dart (safe; 2% risk of failure)
Confirm with . or Enter, or press ? or * to list all spells.
Aiming: Magic Dart (safe; 2% risk of failure)
Press: ? - help, Shift-Dir - straight line, f/p - Sigmund
Aim: Sigmund, wielding a +0 scythe and wearing a +0 robe (moderately wounded, 100% to hit)
The magic dart hits Sigmund.
Sigmund is heavily wounded.
Natasha, Servant of Life and Death comes into view.
Sigmund closely misses you. Natasha casts a spell at you.
You feel yourself slow down.
You tentacle-slap Sigmund but do no damage.
You grab Sigmund.
Sigmund is heavily wounded.
You constrict Sigmund, but do no damage.
Sigmund hits you with a +0 scythe.
You tentacle-slap Natasha but do no damage.
Your grab misses Natasha. Your squeeze misses Natasha.
You constrict Sigmund, but do no damage.
Natasha mumbles some strange words.
You feel disoriented.
Natasha stares at you and mumbles some strange words.
You feel as though you will be slow longer.
Sigmund barely misses you. Natasha claws you!
You tentacle-slap Natasha. Your grab misses Natasha.
Natasha is lightly wounded.
You constrict Sigmund, but do no damage.
Sigmund casts a spell at you. The magic dart hits you.
Natasha mumbles some strange words.
Sigmund hits you with a +0 scythe.
* * * LOW HITPOINT WARNING * * *
It was a potion of brilliance.
You feel clever all of a sudden.
You constrict Sigmund. Natasha claws you.
You die...

#. #. ##### #.
#... #.###.####.##
##.#.h@@[.)...
#.....5......#
#####..#.#.#####..
.........#.#
#####..#.#.#
#.##.#.# #.# #.
#.#.# #.# # #.#.#
#.# #...# #.#


You could see Sigmund, Natasha and a cerulean imp (summoned).

Vanquished Creatures
  An adder (D:2)
  2 dart slugs
  2 giant cockroaches (D:1)
  3 hobgoblins
  2 jackals (D:2)
  2 quokkas (D:2)
  2 ball pythons (D:1)
  A bat (D:1)
  A frilled lizard (D:1)
  3 kobolds
  2 rats
21 creatures vanquished.

Notes
Turn   | Place    | Note
-------+----------+-------------------------------------------
     0 | D:1      | Ijustatesigmund the Octopode Conjurer began the quest for
                  | the Orb.
     0 | D:1      | Reached XP level 1. HP: 11/11 MP: 3/3
   156 | D:1      | Reached XP level 2. HP: 14/18 MP: 0/5
   745 | D:2      | Reached skill level 1 in Fighting
   813 | D:2      | Found a shimmering altar of Xom.
  1059 | D:2      | Reached XP level 3. HP: 21/23 MP: 3/6
  1193 | D:2      | Noticed Sigmund
  1198 | D:2      | Noticed Natasha
  1203 | D:2      | Slain by Natasha

Illustrated notes

Levels and vault maps discovered:
D:1:      minmay_arrival_arboretum_small, layout_basic, serial_bayou_lagoon_a
D:2:      layout_loops_ring, basic_altar, grunt_decor_mini_mirrors,
          uniq_sigmund, uniq_natasha

Skill      XL: |  1  2 |
---------------+-------+-----
Fighting       | 1 |  1.4
Dodging        | |  2.0
Stealth        | |  2.6
Spellcasting   | |  2.5
Conjurations   | |  4.4

Action                     || total
---------------------------++-------
  Melee: Unarmed           ||    22
         Constrict         ||     8
         Tentacles         ||     6
   Cast: Magic Dart        ||    49
    Use: Potion            ||     2
 Armour: Skin              ||     4
  Dodge: Dodged            ||    16
